 Dungeon Crawl Stone Soup version 0.17.1-1-g73c8601 (webtiles) character file.

359 Runnr the Grave Robber (level 6, -3/47 HPs)
             Began as a Demonspawn Necromancer on Dec 18, 2015.
             Killed from afar by an orc wizard (7 damage)
             ... with a puff of flame
             ... on level 4 of the Dungeon on Dec 19, 2015.
             The game lasted 00:22:09 (5532 turns).

Runnr the Grave Robber (Demonspawn Necromancer)     Turns: 5532, Time: 00:22:11

Health: -3/47      AC:  4    Str:  8    XL:     6   Next: 37%
Magic:  3/10       EV: 13    Int: 17    God:
Gold:   139        SH:  0    Dex: 15    Spells: 4 memorised, 3 levels left

rFire  . . .     SeeInvis +     h - +2 short sword (venom)
rCold  + . .     Clarity  .     a - +1 robe
rNeg   . . .     SustAt   .     (no shield)
rPois  .         Gourm    .     (no helmet)
rElec  .         Spirit   .     (no cloak)
rCorr  .         Warding  .     (no gloves)
rMut   .         Stasis   .     A - +0 pair of boots
MR     .....                    (no amulet)
Stlth  ++........               (no ring)
                                r - ring of see invisible

@: regenerating, not resistant to hostile enchantments, unstealthy
A: claws 2, cold resistance 1, freezing cloud immunity
a: no special abilities


You were on level 4 of the Dungeon.
You were hungry.

You visited 1 branch of the dungeon, and saw 5 of its levels.

You collected 139 gold pieces.

Inventory:

Hand Weapons
 h - a +2 short sword of venom (weapon)
 n - a +0 vampiric hand axe
 y - a +2 antimagic hand axe
Missiles
 j - a throwing net (quivered)
Armour
 a - a +1 robe (worn)
 A - a +0 pair of boots (worn)
Jewellery
 r - a ring of see invisible (left claw)
 w - an uncursed ring of wizardry {unknown}
 C - a +3 ring of dexterity {unknown}
Wands
 m - a wand of frost (2)
Scrolls
 d - a scroll of enchant weapon {unknown}
 e - a scroll of enchant armour
 f - a scroll of noise {unknown}
 g - a scroll of blinking
 i - a scroll of identify {unknown}
 l - a scroll of teleportation {unknown}
 o - a scroll of amnesia {unknown}
 p - 2 scrolls of remove curse {unknown}
 z - a scroll of fear {unknown}
 B - a scroll of recharging {unknown}
Potions
 q - a potion of poison {unknown}
 s - a potion of flight {unknown}
 t - a potion of ambrosia {unknown}
 v - a potion of magic {unknown}
 x - 2 potions of might
Books
 b - a book of Necromancy

   Spells                             Type                      Level
   a - Pain                           Necromancy                   1
   b - Animate Skeleton               Necromancy                   1
   c - Vampiric Draining              Necromancy                   3
   d - Regeneration                   Charms/Necromancy            3
   e - Animate Dead                   Necromancy                   4
   f - Control Undead                 Necromancy                   4
Comestibles
 c - a bread ration
 k - 2 beef jerkies
 u - 3 meat rations


   Skills:
 + Level 3.0 Fighting
 + Level 2.1 Short Blades
 + Level 3.2 Dodging
 - Level 1.7 Stealth
 + Level 3.0 Spellcasting
 + Level 5.3 Necromancy


You had 3 spell levels left.
You knew the following spells:

 Your Spells              Type           Power        Failure   Level  Hunger
a - Pain                  Necr           ###.         1%          1    None
b - Animate Skeleton      Necr           N/A          1%          1    None
c - Vampiric Draining     Necr           ###.......   8%          3    ###....
d - Regeneration          Chrm/Necr      ##........   21%         3    ###....


Dungeon Overview and Level Annotations

Branches:
Dungeon (5/15)
 Temple: D:4-7

Altars:
Fedhas
Qazlal
Xom
Yredelemnul

Shops:
D:4 =

Annotations:
D:4 Eustachio; Grinder; antares's ghost, amateur DEWz
D:5 Sigmund


Innate Abilities, Weirdness & Mutations

You have very sharp fingernails.
Your flesh is cold resistant.
You are immune to freezing clouds.


Message History

* * * LOW HITPOINT WARNING * * *
Your skin is crawling a little less now.
The orc wizard gestures at you while chanting.
The magic dart hits you!
* * * LOW HITPOINT WARNING * * *
Casting: Regeneration
Confirm with . or Enter, or press ? or * to list all spells.
Your skin crawls.
You hit the orc wizard but do no damage.
The orc wizard is poisoned.
The orc wizard is moderately wounded.
The orc wizard closely misses you.
You hit the orc wizard but do no damage.
The orc wizard looks even sicker.
The orc wizard is moderately wounded.
The orc wizard hits you with a dagger of protection.
* * * LOW HITPOINT WARNING * * *
The orc wizard casts a spell at you. The puff of flame hits you!
You die...

##......#............###
##...# #................#
##....#######.............#
#..<.....# #.............#
.........## #.............#
.>........# ##............#
..........## #............#
...........# #.oo.........#
...........# ##.@.........#
...........## #...........#
............# ##....(.....#
............# #..........#
............# ###.(.((..>#
............# #.########
............# #..#
...........## ##.#
...........# #.##


You could see 2 orc wizards.

Vanquished Creatures
  A scorpion (D:4)
  2 orc priests
  A hound (D:4)
  Natasha (thrice) (D:2)
  A worker ant (D:4)
  6 adders
  3 oozes
  An adder skeleton (D:4)
  3 worms (D:2)
  4 giant geckos
  7 orcs
  A ball python (D:3)
  9 bats
  9 giant cockroaches
  12 goblins
  5 hobgoblins
  5 jackals
  A giant gecko skeleton (D:4)
  6 giant newts
  5 kobolds
  5 rats
  A butterfly (D:2)
91 creatures vanquished.

Vanquished Creatures (collateral kills)
  A butterfly (D:2)
1 creature vanquished.

Grand Total: 92 creatures vanquished

Notes
Turn   | Place    | Note
--------------------------------------------------------------
     0 | D:1      | Runnr the Demonspawn Necromancer began the quest for the Orb.
     0 | D:1      | Reached XP level 1. HP: 13/13 MP: 3/3
   494 | D:1      | Gained mutation: Your flesh is cold resistant. [demonic ancestry]
   494 | D:1      | Reached XP level 2. HP: 18/20 MP: 1/5
   752 | D:1      | Reached skill level 1 in Fighting
  1271 | D:2      | Learned a level 1 spell: Animate Skeleton
  1285 | D:2      | Found a shimmering altar of Xom.
  1287 | D:2      | Gained mutation: You have sharp fingernails. [demonic ancestry]
  1287 | D:2      | Reached XP level 3. HP: 19/26 MP: 1/6
  1728 | D:2      | Noticed Natasha
  1737 | D:2      | Killed Natasha
  1737 | D:2      | Reached skill level 1 in Short Blades
  1737 | D:2      | Reached XP level 4. HP: 3/33 MP: 2/7
  1797 | D:2      | Noticed Natasha
  2040 | D:2      | Killed Natasha
  2298 | D:2      | Found a stormy altar of Qazlal.
  2425 | D:2      | Found a blossoming altar of Fedhas.
  2562 | D:2      | Noticed Natasha
  2564 | D:2      | Killed Natasha
  2673 | D:2      | Your ally Natasha died
  2750 | D:3      | Gained mutation: You are immune to freezing clouds. [demonic ancestry]
  2750 | D:3      | Reached XP level 5. HP: 27/39 MP: 0/8
  2938 | D:3      | Learned a level 3 spell: Vampiric Draining
  2942 | D:3      | Learned a level 3 spell: Regeneration
  2970 | D:3      | Reached skill level 5 in Necromancy
  3455 | D:3      | Found a basalt altar of Yredelemnul.
  3925 | D:3      | Noticed an ogre
  4186 | D:4      | Noticed antares's ghost (amateur DEWz)
  4341 | D:4      | Gained mutation: You have very sharp fingernails. [demonic ancestry]
  4341 | D:4      | Reached XP level 6. HP: 34/46 MP: 10/10
  4447 | D:4      | Noticed Grinder
  4542 | D:5      | Entered Level 5 of the Dungeon
  4847 | D:5      | Noticed Sigmund
  4887 | D:4      | Found Heixot's Jewellery Shoppe.
  5187 | D:4      | Paralysed by Grinder for 6 turns
  5505 | D:4      | Noticed Eustachio
  5532 | D:4      | Killed from afar by an orc wizard

Action                   |  1- 3 |  4- 6 || total
-------------------------+-------+-------++-------
Melee: Unarmed           |     5 |       ||     5
       Short sword       |    44 |    91 ||   135
 Cast: Pain              |    39 |    64 ||   103
       Animate Skeleton  |     4 |    12 ||    16
       Regeneration      |       |     4 ||     4
  Use: Scroll            |       |     4 ||     4
 Stab: Sleeping          |     2 |     1 ||     3
  Eat: Chunk             |     3 |    12 ||    15
